 Dungeon Crawl Stone Soup version 0.32-a0-834-geaf45d8e21 (webtiles) character file.

Game seed: 1069786092906610267

20194 Goblin1989 the Slicer (level 12, -4/100 HPs)
             Began as a Demonspawn Brigand on Mar 25, 2024.
             Was a High Priest of Uskayaw.
             Slain by a blink frog (9 damage)
             ... on level 2 of the Lair of Beasts.
             The game lasted 00:46:52 (13373 turns).

Goblin1989 the Slicer (Demonspawn Brigand)         Turns: 13373, Time: 00:46:53

Health: -4/100     AC: 14    Str: 15    XL:     12   Next: 43%
Magic:  12/12      EV: 15    Int: 12    God:    Uskayaw [*****.]
Gold:   476        SH:  5    Dex: 19    Spells: 11/11 levels left

rFire   . . .        a - +3 dagger (venom)
rCold   . . .        (no shield)
rNeg    . . .        M - +3 ring mail of Death's Door {Rampage Str+3}
rPois   .            m - +2 hat
rElec   .            c - +0 cloak
rCorr   .            (no gloves)
SInv    .            p - +0 pair of boots
Will    +....        l - amulet of reflection
Stlth   +++++        O - ring of willpower
HPRegen 0.36/turn    (no ring)
MPRegen 0.13/turn

%: reflection, rampage
@: wreathed by umbra, studying Throwing
A: horns 2, rugged brown scales 2, demonic magic 2, foul shadow 1
a: Renounce Religion, Stomp, Line Pass, Grand Finale


You were on level 2 of the Lair of Beasts.
You worshipped Uskayaw.
Uskayaw was noncommittal.
You visited 3 branches of the dungeon, and saw 14 of its levels.
You also visited: Bailey.

You collected 862 gold pieces.
You spent 386 gold pieces at shops.

Inventory:

Hand Weapons
 a - a +3 dagger of venom (weapon)
 w - the +2 flail of Ocwutt {flame, rF+ Will++ rCorr}
   (You found it on level 3 of the Dungeon)

   rF+:       It protects you from fire.
   Will++:    It greatly increases your willpower.
   rCorr:     It protects you from acid and corrosion.
 I - the +5 sling of the Twenty Demons {freeze, *Corrode rC+ Int+3}
   (You found it on level 5 of the Dungeon)

   Int+3:     It affects your intelligence (+3).
   rC+:       It protects you from cold.
   *Corrode:  It may corrode you when you take damage.
 X - the +0 falchion "Ylufosul" {antimagic, rC+ Str-4 Int+6 Dex+2}
   (You took it off an orc warrior on level 10 of the Dungeon)

   Str-4:     It affects your strength (-4).
   Int+6:     It affects your intelligence (+6).
   Dex+2:     It affects your dexterity (+2).
   rC+:       It protects you from cold.
 Z - a +3 dagger of distortion {!w}
Missiles
 d - 23 poisoned darts (quivered)
 e - 5 curare-tipped darts
 k - 84 stones
 z - 4 silver javelins {@Q3}
 H - 10 boomerangs {@Q3}
Armour
 c - a +0 cloak (worn)
 m - a +2 hat (worn)
 p - a +0 pair of boots (worn)
 M - the +3 ring mail of Death's Door (worn) {Rampage Str+3}
   (You bought it in a shop on level 7 of the Dungeon)

   Str+3:     It affects your strength (+3).
   Rampage:   It bestows one free step when moving towards enemies.
Jewellery
 l - an amulet of reflection (around neck)
 D - a ring of ice
 J - a ring of fire
 O - a ring of willpower (left hand)
 V - an amulet of guardian spirit
 Y - an amulet of the acrobat
Wands
 F - a wand of digging (12) {@v3}
 P - a wand of warping (16)
 Q - a wand of acid (10) {@v4}
 W - a wand of flame (30) {@v1}
Scrolls
 g - a scroll of immolation
 j - 4 scrolls of identify {@r1}
 n - 2 scrolls of amnesia
 v - a scroll of torment {unknown}
 x - a scroll of blinking {unknown}
 y - 6 scrolls of enchant weapon
 B - a scroll of teleportation {!r, @r2}
 C - 7 scrolls of enchant armour
 G - a scroll of vulnerability
 K - 2 scrolls of revelation
 T - 3 scrolls of summoning
 U - a scroll of fog
Potions
 f - 5 potions of cancellation
 h - 2 potions of invisibility
 i - 2 potions of curing {@q1}
 o - 3 potions of heal wounds {@q2}
 u - a potion of brilliance {unknown}
 A - 2 potions of attraction
 E - 4 potions of might {@q4}
 L - a potion of ambrosia
 N - 3 potions of lignification
 R - 2 potions of haste {@q3,}
 S - 4 potions of magic


   Skills:
 + Level 9.5 Fighting
 - Level 12.0 Short Blades
 - Level 8.0 Throwing
 + Level 8.7 Dodging
 - Level 9.0 Stealth


You had 11 spell levels left.
You didn't know any spells.
Your spell library contained the following spells:

 Spells                   Type           Power      Damage    Failure   Level
 Sandblast                Erth           0%         2d4       54%         1
 Ensorcelled Hibernation  Hex/Ice        0%         N/A       69%         2
 Fugue of the Fallen      Necr           0%         N/A       89%         3
 Gell's Gravitas          Tloc           0%         N/A       89%         3
 Stone Arrow              Conj/Erth      0%         3d7       89%         3
 Teleport Other           Tloc           0%         N/A       89%         3
 Anguish                  Hex/Necr       0%         N/A       100%        4
 Brom's Barrelling Bould  Conj/Erth      0%         2d3       100%        4
 Leda's Liquefaction      Alch/Erth      0%         N/A       100%        4
 Vhi's Electric Charge    Tloc/Air       0%         N/A       100%        4
 Arcjolt                  Conj/Air       0%         1d10      100%        5
 Lee's Rapid Deconstruct  Erth           0%         3d4*      100%        5
 Summon Forest            Summ/Tloc      0%         N/A       100%        5
 Dispersal                Tloc           0%         N/A       100%        6
 Eringya's Noxious Bog    Alch           0%         4d6       100%        6
 Permafrost Eruption      Ice/Erth       0%         2x4d2     100%        6
 Summon Hydra             Summ           0%         N/A       100%        7
 Maxwell's Capacitive Co  Air            0%         ∞         100%        8


Dungeon Overview and Level Annotations

Branches:
Dungeon (11/15) Zot: 25306  Temple (1/1) D:7 Zot: 5985    Lair (2/5) D:11 Zot: 10674
    Orc (0/2) D:10         Bailey (visited)
  Swamp: Lair:2-3    Shoals: Lair:2-3     Snake: Lair:2-3    Spider: Lair:2-3

Altars:
Ashenzari
Cheibriados
Dithmenos
Fedhas
Gozag
Hepliaklqana
Kikubaaqudgha
Makhleb
Nemelex Xobeh
Okawaru
Qazlal
Ru
Sif Muna
Trog
Uskayaw
Vehumet
Wu Jian
Xom
Yredelemnul

Shops:
D:7 ![=   D:9 ?

Annotations:
D:5 1 runed translucent door, Crazy Yiuf
Lair:1 exclusion: oklob plant, Amaemon


Innate Abilities, Weirdness & Mutations

You have a pair of horns on your head.
You are mostly covered in rugged brown scales. (AC +2, +5% HP)
Spells you cast may paralyse nearby enemies.
You are faintly shadowed, very rarely releasing foul flame when damaged in melee.


Message History

The water moccasin closely misses you.
You hit the water moccasin.
Your headbutt misses the water moccasin.
The water moccasin is moderately wounded.
The elephant is no longer sharing its pain.
The yak gores you.
* * * LOW HITPOINT WARNING * * *
The elephant closely misses you.
The elephant trunk-slaps you but does no damage.
The water moccasin bites you but does no damage.
You take 2 damage, and have 36/100 hp.
You hit the water moccasin.
The water moccasin looks as sick as possible!
You headbutt the water moccasin.
The water moccasin is heavily wounded.
You hit the water moccasin.
The water moccasin looks as sick as possible!
The water moccasin is heavily wounded.
The yak is no longer sharing its pain.
You block the water moccasin's attack. The elephant tramples you!
* * * LOW HITPOINT WARNING * * *
You hold your ground!
The elephant trunk-slaps you but does no damage.
The yak gores you but does no damage.
You take 6 damage, and have 30/100 hp.
You closely miss the water moccasin. You headbutt the water moccasin!
The water moccasin is almost dead.
You block the water moccasin's attack.
The blink frog hits the bush.
The blink frog blinks!
You barely miss the water moccasin.
The water moccasin is almost dead.
You kill the water moccasin!
You block the yak's attack. The elephant tramples you!
* * * LOW HITPOINT WARNING * * *
You hold your ground!
The elephant misses you.
You take 9 damage, and have 21/100 hp.
You hit the elephant but do no damage. The elephant misses you.
The elephant barely misses you. The elephant attacks as it pursues you!
The elephant tramples you but does no damage.
You block the elephant's attack.
You hit the elephant.
The elephant is poisoned.
The elephant is lightly wounded.
The yak gores the bush but does no damage.
The elephant tramples you!
* * * LOW HITPOINT WARNING * * *
You stumble backwards!
You take 8 damage, and have 14/100 hp.
The elephant tramples the fungus.
The fungus begins to die.
The elephant trunk-slaps the fungus.
The elephant attacks as it pursues you! You block the elephant's attack.
The elephant barely misses you.
The blink frog blinks!
The elephant attacks as it pursues you! The elephant barely misses you.
The elephant misses you.
As you read the scroll of summoning, it crumbles to dust.
Wisps of shadow whirl around you... The elephant tramples your blink frog!
Your blink frog stumbles backwards!
A nearby fungus withers and dies.
Your bullfrog hits the elephant.
Your blink frog hits the yak!
Your blink frog hits the elephant but does no damage.
The elephant closely misses your blink frog. x2
The yak gores your bullfrog! The yak gores your black mamba!
The yak attacks as it pursues you! The yak gores you.
* * * LOW HITPOINT WARNING * * *
You take 1 damage, and have 14/100 hp.
Your black mamba bites the yak.
Your bullfrog hits the elephant.
Your bullfrog hits the elephant but does no damage.
The elephant closely misses you.
The elephant trunk-slaps you but does no damage.
Your blink frog hits the elephant!
Your black mamba barely misses the yak.
The yak closely misses your bullfrog.
Your bullfrog hits the elephant but does no damage.
Your bullfrog hits the elephant.
Your black mamba bites the yak.
Your blink frog blinks!
Your blink frog hits the elephant!
Your blink frog blinks!
The elephant attacks as it pursues you! The elephant barely misses you. x2
Your black mamba bites the yak!
The elephant tramples your blink frog!!
Your blink frog stumbles backwards!
Your blink frog hits the elephant!
Your black mamba bites the yak!
The yak looks as sick as possible!
Your black mamba poisons the yak!
Your bullfrog hits the elephant but does no damage.
Your bullfrog hits the elephant.
Your black mamba bites the yak!
The yak looks as sick as possible!
Your black mamba poisons the yak!
The yak barely misses your bullfrog.
Your bullfrog hits the elephant. The blink frog hits you!
* * * LOW HITPOINT WARNING * * *
The blink frog blinks!
The elephant completely misses you. You block the elephant's attack.
Your blink frog hits the elephant.
Your black mamba barely misses the yak.
You take 11 damage, and have 4/100 hp.
Your bullfrog hits the elephant. Something gores your bullfrog!
Your bullfrog dies!
Your bullfrog's corpse dissolves into shadows!
Your black mamba bites the yak but does no damage.
Your bullfrog barely misses the yak.
The blink frog barely misses you. The blink frog hits you!
You die...
Your body falls in perfect tune with the rhythm. █████

██████...███
███..██......███ ██
█..............█
█P██..............██
██........█.█..F.<..█
█P.....█.█[.█Y█@..███
██......█....§.██..█
............YYFY.███
.............F....█
....P█<....S...█.██
............Y.████
(.........FF.██
..(...P.██....█P██
..█(†.†...........█


You could see a blink frog.

Vanquished Creatures
  Fannar (D:11)
  Erolcha (D:11)
  3 two-headed ogres
  A boulder beetle (D:11)
  Sonja (Lair:1)
  An orc knight (Bailey)
  A manticore (D:8)
  A slime creature (D:11)
  2 gargoyles (D:11)
  A rime drake (Lair:1)
  4 cane toads
  An orange demon (Lair:1)
  Psyche (D:11)
  A troll (D:10)
  4 blink frogs (Lair:2)
  A hornet (D:11)
  Sigmund (D:4)
  A vampire (D:10)
  4 wyverns
  14 yaks
  A basilisk (Lair:2)
  A warg (D:11)
  A steam dragon (D:7)
  6 vampire mosquitoes
  10 water moccasins
  3 ice beasts
  15 orc warriors
  5 black bears
  3 ogres
  7 wolves
  5 centaurs
  3 kobold brigands
  5 scorpions
  9 bullfrogs
  3 wights (D:9)
  6 killer bees (D:9)
  6 howler monkeys
  2 bombardier beetles
  3 jellies
  2 hounds
  8 orc priests
  14 orc wizards
  5 iguanas
  2 sleepcaps
  A mummy (D:5)
  A gnoll (D:1)
  5 adders
  3 shadow imps
  3 white imps
  5 ufetubi
  3 dart slugs
  3 ribbon worms
  65 orcs
  6 endoplasms
  6 giant cockroaches
  4 hobgoblins
  2 jackals (D:5)
  5 quokkas
  3 ball pythons
  5 bats
  4 frilled lizards
  9 goblins
  2 hobgoblin zombies (D:5)
  18 kobolds
  2 kobold zombies (D:5)
  8 rats
333 creatures vanquished.

Vanquished Creatures (others)
  An orc wizard (D:8)
1 creature vanquished.

Grand Total: 334 creatures vanquished

Notes
Turn   | Place    | Note
-------+----------+-------------------------------------------
     0 | D:1      | Goblin1989 the Demonspawn Brigand began the quest for the
                  | Orb.
     0 | D:1      | Reached XP level 1. HP: 16/16 MP: 1/1
    16 | D:1      | Reached skill level 2 in Short Blades
    16 | D:1      | Gained mutation: You are faintly shadowed, very rarely
                  | releasing foul flame when damaged in melee. [demonic
                  | ancestry]
    16 | D:1      | Reached XP level 2. HP: 22/22 MP: 2/2
   416 | D:1      | Gained mutation: Spells you cast may paralyse adjacent
                  | enemies. [demonic ancestry]
   416 | D:1      | Reached XP level 3. HP: 22/27 MP: 3/3
  1327 | D:2      | Reached skill level 3 in Short Blades
  1404 | D:2      | Gained mutation: You are partially covered in rugged brown
                  | scales. (AC +1, +3% HP) [demonic ancestry]
  1404 | D:2      | Reached XP level 4. HP: 27/33 MP: 4/4
  1853 | D:3      | Identified the +2 flail of Ocwutt {flame, rF+ Will++ rCorr}
  1903 | D:3      | Gained mutation: You have a pair of small horns on your
                  | head. [demonic ancestry]
  1903 | D:3      | Reached XP level 5. HP: 38/39 MP: 5/5
  2015 | D:3      | Reached skill level 5 in Stealth
  2111 | D:3      | Found an ornate altar of the Wu Jian Council.
  2272 | D:4      | Noticed a black bear
  2294 | D:4      | Killed a black bear
  2295 | D:4      | Reached skill level 4 in Short Blades
  2295 | D:4      | Gained mutation: You are mostly covered in rugged brown
                  | scales. (AC +2, +5% HP) [demonic ancestry]
  2295 | D:4      | Reached XP level 6. HP: 32/46 MP: 6/6
  2940 | D:4      | Noticed Sigmund
  2952 | D:4      | Killed Sigmund
  2953 | D:4      | Reached skill level 5 in Short Blades
  2953 | D:4      | Reached XP level 7. HP: 43/52 MP: 7/7
  3055 | D:5      | Entered Level 5 of the Dungeon
  3569 | D:5      | Reached skill level 6 in Short Blades
  3688 | D:5      | Identified the +5 sling of the Twenty Demons {freeze,
                  | *Corrode rC+ Int+3}
  3726 | D:5      | Reached XP level 8. HP: 44/58 MP: 8/8
  3886 | D:5      | Found a runed translucent door.
  3887 | D:5      | Noticed Crazy Yiuf
  3970 | D:5      | Reached skill level 7 in Short Blades
  4376 | D:6      | Reached skill level 1 in Dodging
  4564 | D:6      | Reached skill level 5 in Throwing
  4895 | D:6      | Gained mutation: You have a pair of horns on your head.
                  | [demonic ancestry]
  4895 | D:6      | Reached XP level 9. HP: 60/67 MP: 9/9
  5231 | D:7      | Found Hasoesem's Antique Armour Emporium.
  5237 | D:7      | Bought a jewelled ring mail for 234 gold pieces
  5237 | D:7      | Identified the +3 ring mail of Death's Door {Rampage Str+3}
                  | (You bought it in a shop on level 7 of the Dungeon)
  5260 | D:7      | Found Erij's Distillery.
  5268 | D:7      | Bought a potion of lignification for 42 gold pieces
  5268 | D:7      | Bought a potion of attraction for 42 gold pieces
  5454 | D:7      | Reached skill level 8 in Short Blades
  5507 | D:7      | Found a staircase to the Ecumenical Temple.
  5540 | Temple   | Entered the Ecumenical Temple
  5547 | Temple   | Became a worshipper of Uskayaw the Reveller
  5714 | D:7      | Reached * piety under Uskayaw
  5868 | D:7      | Found a shimmering blue altar of Sif Muna.
  5928 | D:7      | Reached ** piety under Uskayaw
  6004 | D:7      | Found Vuanger's Jewellery Boutique.
  6356 | D:8      | Reached *** piety under Uskayaw
  6416 | D:8      | Found a bloodstained altar of Trog.
  6465 | D:8      | Reached skill level 5 in Fighting
  6539 | D:8      | Noticed a two-headed ogre
  6598 | D:8      | Killed a two-headed ogre
  6599 | D:8      | Reached XP level 10. HP: 50/77 MP: 10/10
  6706 | D:8      | Noticed a manticore
  6732 | D:8      | Killed a manticore
  7211 | D:8      | Reached skill level 5 in Dodging
  7260 | D:8      | Reached skill level 9 in Short Blades
  7496 | D:9      | Found a flagged portal.
  7527 | D:9      | Reached **** piety under Uskayaw
  7534 | D:9      | Reached ***** piety under Uskayaw
  7698 | Bailey   | Entered a bailey
  7961 | Bailey   | Noticed an orc knight
  8017 | Bailey   | Killed an orc knight
  8789 | D:9      | Found Tuik's Magic Scroll Boutique.
  8792 | D:9      | Bought a scroll of fog for 68 gold pieces
  8969 | D:9      | Reached XP level 11. HP: 87/87 MP: 11/11
  8970 | D:9      | Reached skill level 10 in Short Blades
  9162 | D:10     | Entered Level 10 of the Dungeon
  9164 | D:10     | Found a staircase to the Orcish Mines.
  9650 | D:10     | Identified the +0 falchion "Ylufosul" {antimagic, rC+ Str-4
                  | Int+6 Dex+2}
 10210 | D:11     | Noticed Erolcha
 10267 | D:11     | Noticed Fannar
 10298 | D:11     | Noticed a two-headed ogre
 10317 | D:11     | Killed a two-headed ogre
 10327 | D:11     | Killed Fannar
 10364 | D:11     | Noticed Psyche
 10653 | D:11     | Noticed a boulder beetle
 10702 | D:11     | Found a staircase to the Lair.
 10705 | D:11     | Noticed a two-headed ogre
 10883 | D:11     | Killed Psyche
 10960 | D:11     | Killed a boulder beetle
 10992 | D:11     | Reached skill level 11 in Short Blades
 11290 | D:11     | Killed Erolcha
 11380 | D:11     | Killed a two-headed ogre
 11978 | Lair:1   | Entered Level 1 of the Lair of Beasts
 12028 | Lair:1   | Noticed Sonja
 12036 | Lair:1   | Killed Sonja
 12037 | Lair:1   | Gained mutation: Spells you cast may paralyse nearby
                  | enemies. [demonic ancestry]
 12037 | Lair:1   | Reached XP level 12. HP: 84/98 MP: 12/12
 12398 | Lair:1   | Reached skill level 12 in Short Blades
 12673 | Lair:1   | Noticed Amaemon
 13320 | Lair:2   | Reached ****** piety under Uskayaw
 13371 | Lair:2   | HP: 4/100 [blink frog (11)]
 13373 | Lair:2   | Slain by a blink frog

Illustrated notes

Levels and vault maps discovered:
D:1:      dpeg_arrival_chambers_temple_mockup, layout_basic
D:2:      cheibrodos_pilgrimage, layout_loops_ring
D:3:      layout_basic, pdpol_wu_jian_five_deadly_venoms
D:4:      layout_loops_ring, uniq_sigmund
D:5:      layout_rooms, minmay_mini_ossuary, uniq_crazy_yiuf_cottage
D:6:      layout_basic
D:7:      layout_loops_ring, nicolae_sif_muna_little_library,
          minmay_temple_entry_waves, serial_shops, shop, shop, shop
D:8:      layout_loops_ring, mainiacjoe_overflow_alcove_1, serial_demonic,
          serial_demonic_b, serial_demonic_a, serial_demonic_e,
          serial_demonic_b, grunt_ministairs_6
D:9:      layout_irregular_city, serial_shops, nicolae_shop_rolled_up,
          enter_bailey_5
D:10:     layout_basic, orc_0_dummy
D:11:     layout_cave_pools, erik_lair_orcish_takeover, uniq_fannar,
          uniq_psyche, uniq_erolcha
Temple:   compressed_dpeg_triangle_lava_temple
Lair:1:   layout_chaotic_city, serial_bayou_pond_e, minmay_lair_oklob_bushes,
          uniq_amaemon, uniq_sonja
Lair:2:   layout_misc_corridors, mainiacjoe_swamp_entry_lozenge_pond,
          dummy_snake_entry

Skill      XL: |  1  2  3  4  5  6  7  8  9 10 11 12 |
---------------+-------------------------------------+-----
Short Blades   | 2 3 4 5 6 7 8 9 11 12 | 12.0
Stealth        | 4 5 6 7 8 9 |  9.0
Throwing       | 2 3 4 5 6 7 8 |  8.0
Dodging        | 2 4 5 7 8 |  8.7
Fighting       | 3 5 6 8 9 |  9.5

Action                     |  1- 3 |  4- 6 |  7- 9 | 10-12 || total
---------------------------+-------+-------+-------+-------++-------
  Melee: Dagger            |   104 |    64 |   414 |   706 ||  1288
         Headbutt          |       |     6 |    95 |   191 ||   292
  Throw: Dart              |     7 |    25 |    29 |   130 ||   191
         Javelin           |       |       |       |     4 ||     4
         Stone             |       |       |       |     1 ||     1
         Boomerang         |       |       |       |     1 ||     1
    Use: Potion            |       |       |     5 |     4 ||     9
         Scroll            |       |       |       |    19 ||    19
   Stab: Sleeping          |     6 |    15 |    18 |    19 ||    58
         Distracted        |     1 |     1 |       |     1 ||     3
         Invisible         |       |       |     1 |     1 ||     2
         Paralysed         |       |       |     1 |    36 ||    37
 Armour: Robe              |    47 |    20 |   120 |       ||   187
         Ring mail         |       |       |    61 |   285 ||   346
  Dodge: Dodged            |    69 |    19 |   167 |   353 ||   608
  Block: Other             |     4 |     7 |    55 |   103 ||   169
         Reflection        |       |       |     1 |     5 ||     6

Table legend: (Time is in decaauts)
 A = Elapsed time spent in this place.
 B = Non-inter-level travel time spent in this place.
 C = Inter-level travel time spent in this place.
 D = Time resting spent in this place.
 E = Time spent auto-exploring this place.
 F = Levels seen in this place.
 G = Mean time per level.
                   A        B        C        D        E       F      G
               +--------+--------+--------+--------+--------+-----+--------+
         Total |  12809 |  12272 |    537 |   1702 |   7900 |  15 |  853.9 |
       Dungeon |  10824 |  10316 |    508 |   1373 |   6857 |  11 |  984.0 |
        Temple |     14 |      8 |      6 |      0 |      0 |   1 |   14.0 |
          Lair |   1324 |   1301 |     23 |    176 |    876 |   2 |  662.0 |
        Bailey |    646 |    646 |      0 |    153 |    167 |   1 |  646.0 |
               +--------+--------+--------+--------+--------+-----+--------+

Top non-repeatable levels by time:
    D:10: 1368 daAuts
    D:11: 1287 daAuts
  Lair:1: 1230 daAuts
     D:8: 1166 daAuts
     D:5: 1096 daAuts
     D:9: 1013 daAuts
     D:4: 958 daAuts
     D:7: 869 daAuts
     D:2: 847 daAuts
     D:6: 823 daAuts
     D:1: 776 daAuts
  Bailey: 646 daAuts
     D:3: 616 daAuts
  Lair:2: 93 daAuts
  Temple: 14 daAuts
